 Dungeon Sprint DCSS version 0.24-a0-420-g24607be9ce (webtiles) character file.

Game seed: 253371680028882942

15851 wilfster70 the Severer (level 12, -3/118 HPs)
             Began as a Minotaur Fighter on June 11, 2019.
             Was an Initiate of Gozag.
             Slain by an orc knight
             ... wielding a +3 great sword
              (41 damage)
             ... in the Dungeon (Sprint IX: "|||||||||||||||||||||||||||||").
             The game lasted 00:06:31 (1668 turns).

wilfster70 the Severer (Minotaur Fighter)           Turns: 1668, Time: 00:06:32

Health: -3/118     AC: 16    Str: 25    XL:     12   Next: 4%
Magic:  11/11      EV: 23    Int:  7    God:    Gozag
Gold:   4092       SH: 14    Dex: 12    Spells: 11/11 levels left

rFire    . . .     SeeInvis .   a - +1 broad axe "Loidohett" {vamp, rN+}
rCold    . . .     Gourm    .   c - +0 shield
rNeg     + . .     Faith    .   p - +0 scale mail
rPois    .         Spirit   .   (helmet restricted)
rElec    .         Reflect  .   v - +0 cloak
rCorr    .         Harm     .   q - +2 pair of gloves
MR       .....     NoTele   +   o - +0 pair of boots
Stlth    +.........             (no amulet)
HPRegen  0.29/turn              r - +3 ring of strength
MPRegen  0.12/turn              w - ring of the Countless Eyes {EV+6 Stlth+}

@: no status effects
A: retaliatory headbutt, horns 2
a: Potion Petition, Call Merchant, Bribe Branch, Renounce Religion


You were in the Dungeon.
You worshipped Gozag.
Gozag was most pleased with you.
You were not hungry.

You visited 1 branch You collected 6972 gold pieces.
You spent 1053 gold pieces at shops.
You paid 1827 gold pieces to Gozag.

Inventory:

Hand Weapons
 a - the +1 broad axe "Loidohett" (weapon) {vamp, rN+}
   (You found it in the Dungeon)

   It inflicts no extra harm, but heals its wielder when it wounds a living foe.
   It protects you from negative energy.
 b - a +4 scimitar of flaming
Armour
 c - a +0 shield (worn)
 o - a +0 pair of boots (worn)
 p - a +0 scale mail (worn)
 q - a +2 pair of gloves (worn)
 v - a +0 cloak (worn)
Jewellery
 r - a +3 ring of strength (left hand)
 w - the ring of the Countless Eyes (right hand) {EV+6 Stlth+}
   (You bought it in a shop in the Dungeon)

   [ring of evasion]

   It affects your evasion (+6).
   It makes you more stealthy.
Wands
 n - a wand of iceblast (10)
Scrolls
 k - 2 scrolls of blinking
 l - 6 scrolls of remove curse
 m - 2 scrolls of amnesia
 y - a scroll of fear
Potions
 d - a potion of might
 e - 6 potions of curing
 g - a potion of heal wounds
 h - 2 potions of haste
 i - 4 potions of magic
 j - a potion of invisibility
 s - a potion of flight
 t - a potion of berserk rage
 u - a potion of mutation
Comestibles
 f - 10 rations


   Skills:
 + Level 14.5 Fighting
 + Level 13.5 Long Blades
 - Level 18.0 Axes
 + Level 14.4 Armour
 + Level 13.0 Dodging
 + Level 14.3 Shields


You had 11 spell levels left.
You didn't know any spells.
Your spell library was empty.

Dungeon Overview and Level Annotations

Branches:
Dungeon (1/1)

Altars:
Cheibriados
Dithmenos
Elyvilon
Fedhas
Gozag
Hepliaklqana
Kikubaaqudgha
Makhleb
Nemelex Xobeh
Okawaru
Qazlal
Ru
Sif Muna
Trog
Uskayaw
Vehumet
Wu Jian
Xom
Yredelemnul
Zin
The Shining One
Beogh
Jiyva
Lugonu

Shops:
D =([[[


Innate Abilities, Weirdness & Mutations

You reflexively headbutt those who attack you in melee.
You have a pair of horns on your head.


Message History

The hellwing completely misses you.
The orc knight roars a battlecry!
The orc high priest goes into a battle-frenzy!
You slash the orc knight!
You feel better.
The orc knight is almost dead.
You hit the hellwing. You block the orc high priest's attack.
You block the orc knight's attack. You block the hellwing's attack.
The hellwing hits you but does no damage.
The orc high priest mumbles some strange prayers to Beogh.
You hit the orc knight but do no damage.
The orc knight is almost dead.
You hit the hellwing but do no damage.
The orc high priest is no longer distracted by gold.
You closely miss the orc knight.
The orc knight is almost dead.
You hit the hellwing. The hellwing hits you. The hellwing closely misses you.
You block the orc high priest's attack.
The orc knight hits you with a +3 great sword!!!
You die...
Your body crumbles into a pile of gold.

▓_▓.▓.▓.▓)▓
▓_▓.▓.▓.▓)▓
▓_▓.▓.▓.▓)▓
▓_▓.▓∩▓.▓.▓
▓_▓.▓.▓.▓$▓
▓'▓.▓'▓.▓$▓
▓.▓.▓.▓.▓$▓
▓.▓.▓.▓.▓4▓
▓|▓.▓.▓.▓@▓
▓)▓.▓.▓.▓o▓
▓.▓.▓.▓.▓o▓
▓.▓.▓.▓.▓o▓
▓[▓.▓.▓.▓4▓
▓.▓.▓.▓.▓4▓
▓.▓.▓.▓.▓o▓
▓)▓.▓.▓.▓4▓
▓.▓.▓.▓.▓


You could see an orc knight, 3 orc high priests, 3 orange demons and a hellwing.

Vanquished Creatures
  A dire elephant (D)
  A hydra (D)
  5 orc high priests (D)
  A two-headed ogre (D)
  A skeletal warrior (D)
  2 unseen horrors (D)
  5 orc knights (D)
  7 elephants (D)
  An ugly thing (D)
  A black mamba (D)
  2 komodo dragons (D)
  A rime drake (D)
  A blink frog (D)
  3 hippogriffs (D)
  A vampire (D)
  A wyvern (D)
  A yak (D)
  3 porcupines (D)
  A water moccasin (D)
  12 orc warriors (D)
  2 crocodiles (D)
  A bullfrog (D)
  A crimson imp (D)
  A jelly (D)
  2 hounds (D)
  An orc priest (D)
  4 orc wizards (D)
  A shadow imp (D)
  An adder skeleton (D)
  An adder zombie (D)
  2 dart slugs (D)
  6 orcs (D)
  2 frilled lizards (D)
  A giant cockroach zombie (D)
  A kobold (D)
  A rat (D)
79 creatures vanquished.

Notes
Turn   | Place    | Note
-------+----------+-------------------------------------------
     0 | D        | wilfster70 the Minotaur Fighter began the quest for the
                  | Orb.
     0 | D        | Reached XP level 1. HP: 19/19 MP: 0/0
     9 | D        | Reached skill level 3 in Axes
     9 | D        | Reached skill level 1 in Dodging
    31 | D        | Noticed a crimson imp
    31 | D        | Noticed a hound
    37 | D        | Killed a crimson imp
    37 | D        | Reached skill level 5 in Axes
    37 | D        | Reached XP level 2. HP: 28/28 MP: 1/1
    37 | D        | Reached XP level 3. HP: 35/35 MP: 2/2
    38 | D        | Reached skill level 5 in Fighting
    38 | D        | Reached skill level 6 in Axes
    38 | D        | Reached skill level 5 in Armour
    38 | D        | Reached skill level 5 in Shields
    38 | D        | Reached XP level 4. HP: 42/42 MP: 3/3
   102 | D        | Found a roughly hewn altar of Beogh.
   102 | D        | Found a snail-covered altar of Cheibriados.
   102 | D        | Found a shadowy altar of Dithmenos.
   102 | D        | Found a white marble altar of Elyvilon.
   102 | D        | Found a blossoming altar of Fedhas.
   102 | D        | Found an opulent altar of Gozag.
   103 | D        | Found a hazy altar of Hepliaklqana.
   104 | D        | Found a viscous altar of Jiyva.
   105 | D        | Found an ancient bone altar of Kikubaaqudgha.
   106 | D        | Found a corrupted altar of Lugonu.
   107 | D        | Found a burning altar of Makhleb.
   108 | D        | Found a sparkling altar of Nemelex Xobeh.
   109 | D        | Found an iron altar of Okawaru.
   110 | D        | Found a stormy altar of Qazlal.
   112 | D        | Became a worshipper of Gozag Ym Sagoz the Greedy
   114 | D        | Found a sacrificial altar of Ru.
   115 | D        | Found a deep blue altar of Sif Muna.
   116 | D        | Found a bloodstained altar of Trog.
   117 | D        | Found a hide-covered altar of Uskayaw.
   118 | D        | Found a radiant altar of Vehumet.
   119 | D        | Found an ornate altar of the Wu Jian Council.
   120 | D        | Found a shimmering altar of Xom.
   121 | D        | Found a basalt altar of Yredelemnul.
   122 | D        | Found a glowing silver altar of Zin.
   123 | D        | Found a glowing golden altar of the Shining One.
   140 | D        | Found the +12 glaive of Prune {chop}
   142 | D        | Got the +1 broad axe "Loidohett" {vamp, rN+}
   169 | D        | Noticed a two-headed ogre
   169 | D        | Noticed a vampire
   174 | D        | HP: 1/42 [two-headed ogre/+0 giant spiked club (23)]
   176 | D        | Killed a two-headed ogre
   176 | D        | Reached skill level 10 in Axes
   176 | D        | Reached XP level 5. HP: 26/53 MP: 4/4
   176 | D        | Reached XP level 6. HP: 30/61 MP: 5/5
   176 | D        | Reached XP level 7. HP: 34/68 MP: 6/6
   178 | D        | Killed an unseen horror
   178 | D        | Reached skill level 11 in Axes
   178 | D        | Reached XP level 8. HP: 30/78 MP: 7/7
   181 | D        | Reached skill level 12 in Axes
   391 | D        | Noticed a red ugly thing
   391 | D        | Noticed a skeletal warrior
   399 | D        | Killed a red ugly thing
   405 | D        | HP: 2/79 [skeletal warrior/+0 glaive (9)]
   414 | D        | Killed a skeletal warrior
   414 | D        | Reached skill level 10 in Fighting
   414 | D        | Reached skill level 13 in Axes
   414 | D        | Reached skill level 10 in Armour
   414 | D        | Reached skill level 10 in Shields
   414 | D        | Reached XP level 9. HP: 31/86 MP: 8/8
   433 | D        | Killed an unseen horror
   433 | D        | Reached skill level 14 in Axes
   802 | D        | Noticed a black mamba
   818 | D        | Killed a black mamba
   821 | D        | Noticed a rime drake
   831 | D        | Killed a rime drake
   831 | D        | Reached skill level 10 in Long Blades
   831 | D        | Reached XP level 10. HP: 96/96 MP: 9/9
   863 | D        | Noticed an eight-headed hydra
   867 | D        | Killed a five-headed hydra
   867 | D        | Reached skill level 15 in Axes
   867 | D        | Reached skill level 10 in Dodging
   928 | D        | Bought the ring of the Countless Eyes {EV+6 Stlth+} for
                  | 1053 gold pieces
   933 | D        | Noticed an elephant
   933 | D        | Noticed an elephant
   933 | D        | Noticed an elephant
   933 | D        | Noticed an elephant
   933 | D        | Noticed an elephant
   933 | D        | Noticed an elephant
   938 | D        | Killed an elephant
   938 | D        | Reached skill level 16 in Axes
   946 | D        | Killed an elephant
   953 | D        | Noticed a dire elephant
   958 | D        | Killed an elephant
   966 | D        | Killed an elephant
   971 | D        | Killed an elephant
   971 | D        | Reached XP level 11. HP: 105/105 MP: 10/10
   985 | D        | Killed a dire elephant
   992 | D        | Reached skill level 17 in Axes
  1158 | D        | Noticed an orc high priest
  1160 | D        | Noticed an orc knight
  1189 | D        | Killed an orc high priest
  1205 | D        | Killed an orc knight
  1486 | D        | Noticed an orc knight
  1498 | D        | Noticed an orc high priest
  1506 | D        | Killed an orc knight
  1540 | D        | Killed an orc high priest
  1551 | D        | Reached skill level 18 in Axes
  1601 | D        | Found Loafoj's Antique Armour Emporium.
  1601 | D        | Noticed an orc high priest
  1601 | D        | Noticed an orc knight
  1601 | D        | Noticed an orc high priest
  1601 | D        | Noticed an orc high priest
  1601 | D        | Noticed an orc knight
  1601 | D        | Noticed an orc knight
  1604 | D        | Killed an orc high priest
  1607 | D        | Noticed an orc knight
  1618 | D        | Killed an orc knight
  1619 | D        | Found Neeggugy's Armour Shoppe.
  1620 | D        | Noticed an orc high priest
  1625 | D        | Killed an orc high priest
  1627 | D        | Noticed a sun demon
  1632 | D        | Found Vojo's Antique Armour Emporium.
  1632 | D        | Noticed an orc high priest
  1638 | D        | Killed an orc high priest
  1644 | D        | Noticed an orc high priest
  1651 | D        | Killed an orc knight
  1651 | D        | Reached XP level 12. HP: 56/118 MP: 11/11
  1668 | D        | Slain by an orc knight

Levels and vault maps discovered:
D:        linesprint [early_d, line_temple, items_1, d_10, items_2, lair_1,
          lair_end, items_3, orc_1, orc_end, items_4, d_15, swamp_1, shoals_1,
          snake_1, spider_1, d_20, vaults_1, items_5, swamp_end, shoals_end,
          snake_end, spider_end, vaults_end, d_27, items_6, zot_1, zot_end,
          crypt_end, forest_end, elf_end, slime_end, tomb_end, abyss_end,
          pan_hell_end]

Skill      XL: |  1  2  3  4  5  6  7  8  9 10 11 12 |
---------------+-------------------------------------+-----
Axes           | 5 6 10 11 13 14 16 18 | 18.0
Dodging        | 2 3 6 7 8 9 11 12 13 | 13.0
Armour         | 4 5 8 9 10 11 12 14 | 14.4
Fighting       | 4 5 8 9 10 11 12 14 | 14.5
Shields        | 4 5 8 9 10 11 12 14 | 14.3
Long Blades    | 6 7 8 10 11 13 | 13.5

Action                   |  1- 3 |  4- 6 |  7- 9 | 10-12 || total
-------------------------+-------+-------+-------+-------++-------
Melee: War axe           |    16 |    12 |       |       ||    28
       Headbutt          |     5 |     4 |    19 |    77 ||   105
       Broad axe         |       |     5 |    70 |   286 ||   361
       Scimitar          |       |       |       |     5 ||     5
Invok: Potion Petition   |       |       |     1 |     1 ||     2
       Call Merchant     |       |       |       |     2 ||     2
  Use: Potion            |     1 |     2 |     1 |       ||     4
       Scroll            |       |       |     4 |       ||     4
 Stab: Distracted        |       |       |     1 |       ||     1
  Eat: Ration            |       |       |       |     1 ||     1
Armor: Scale mail        |     3 |     5 |    17 |    33 ||    58
Dodge: Dodged            |       |     2 |    17 |    88 ||   107
Block: Shield            |     8 |    10 |    28 |   114 ||   160

Table legend:
 A = Non-vault XP
 B = Vault XP
 C = Vault XP percentage of total XP
 D = Non-vault monster count
 E = Vault monster count
 F = Vault count percentage of total count
                 A         B        C        D         E       F
            +---------+---------+-------+---------+---------+-------
      Total |       0 |   22645 | 100.0 |       0 |      79 | 100.0
            +---------+---------+-------+---------+---------+-------
          D |       0 |   22645 | 100.0 |       0 |      79 | 100.0
            +---------+---------+-------+---------+---------+-------
